 Dungeon Crawl Stone Soup version 0.24-a0-640-ge7cd8ce796 (webtiles) character file.

Game seed: 7903273740581710584, levelgen mode: deterministic

13 Ablot the Charmwright (level 2, -10/26 HPs)
             Began as a Gnoll Skald on Sept 25, 2019.
             Mangled by Sigmund
             ... wielding a +0 scythe of slicing
              (13 damage)
             ... on level 2 of the Dungeon.
             The game lasted 00:02:01 (413 turns).

Ablot the Charmwright (Gnoll Skald)                  Turns: 413, Time: 00:02:02

Health: -10/26     AC:  3    Str: 13    XL:     2   Next: 37%
Magic:  5/7        EV: 14    Int: 15    God:
Gold:   25         SH:  0    Dex: 14    Spells: 5/10 levels left

rFire    . . .     SeeInvis .   a - +0 spear
rCold    . . .     Gourm    .   (no shield)
rNeg     . . .     Faith    .   b - +0 leather armour
rPois    .         Spirit   .   (no helmet)
rElec    .         Reflect  .   (no cloak)
rCorr    .         Harm     .   (no gloves)
MR       .....                  (no boots)
Stlth    +.........             (no amulet)
HPRegen  0.08/turn              (no ring)
MPRegen  0.10/turn              (no ring)

@: singing (expiring)
A: distributed training, fangs 1, strong nose
a: no special abilities


You were on level 2 of the Dungeon.
You were not hungry.

You visited 1 branch of the dungeon, and saw 2 of its levels.

You collected 25 gold pieces.

Inventory:

Hand Weapons
 a - a +0 spear (weapon)
Missiles
 m - 7 javelins (quivered)
 n - 15 poisoned darts
 p - 18 arrows
Armour
 b - a +0 leather armour (worn)
Scrolls
 f - 2 scrolls of teleportation {unknown}
 h - a scroll of immolation {unknown}
 j - a scroll of magic mapping {unknown}
 o - a scroll of fog {unknown}
Potions
 e - a potion of flight {unknown}
 g - a potion of invisibility
 i - a potion of ambrosia {unknown}
 k - a potion of curing {unknown}
 l - a potion of degeneration {unknown}
 q - a potion of haste {unknown}
Comestibles
 d - 2 rations


   Skills:
 + Level 4.4 Fighting
 + Level 0.3 Short Blades
 + Level 0.3 Long Blades
 + Level 0.3 Axes
 + Level 0.3 Maces & Flails
 + Level 4.4 Polearms
 + Level 0.3 Staves
 + Level 0.3 Slings
 + Level 0.3 Bows
 + Level 0.3 Crossbows
 + Level 0.3 Throwing
 + Level 2.4 Armour
 + Level 4.4 Dodging
 + Level 0.3 Stealth
 + Level 0.3 Shields
 + Level 0.3 Unarmed Combat
 + Level 4.9 Spellcasting
 + Level 0.2 Conjurations
 + Level 0.2 Hexes
 + Level 5.3 Charms
 + Level 0.2 Summonings
 + Level 0.2 Necromancy
 + Level 0.2 Translocations
 + Level 0.2 Transmutations
 + Level 0.2 Fire Magic
 + Level 0.2 Ice Magic
 + Level 0.2 Air Magic
 + Level 0.2 Earth Magic
 + Level 0.2 Poison Magic
 + Level 0.4 Invocations
 + Level 0.3 Evocations


You had 5 spell levels left.
You knew the following spells:

 Your Spells              Type           Power        Failure   Level  Hunger
a - Infusion              Chrm           ###.         2%          1    None
b - Song of Slaying       Chrm           ###.....     3%          2    ##.....
c - Shroud of Golubria    Chrm/Tloc      ##....       10%         2    ##.....

Your spell library contained the following spells:

 Spells                   Type           Power        Failure   Level  Hunger
 Regeneration             Chrm/Necr      ##........   21%         3    ###....
 Spectral Weapon          Hex/Chrm       ##......     21%         3    ###....


Dungeon Overview and Level Annotations

Branches:
Dungeon (2/15)

Altars:

Annotations:
D:2 Sigmund


Innate Abilities, Weirdness & Mutations

Your experience applies equally to all skills.
You have very sharp teeth.
Your uncanny sense of smell can sniff out nearby items.


Message History

Aim: Sigmund, wielding a +0 scythe of slicing and wearing a +2 robe of the Archmagi (moderately wounded)
You reach to attack!
You closely miss Sigmund.
Sigmund is moderately wounded.
Your song is almost over.
Attack whom?
Press: ? - help, Dir - move target cursor, f/p - Sigmund
Aim: Sigmund, wielding a +0 scythe of slicing and wearing a +2 robe of the Archmagi (moderately wounded)
You reach to attack!
You puncture Sigmund!
Sigmund is severely wounded.
Sigmund gestures at you while chanting. The puff of flame hits you.
* * * LOW HITPOINT WARNING * * *
Attack whom?
Press: ? - help, Dir - move target cursor, f/p - Sigmund
Aim: Sigmund, wielding a +0 scythe of slicing and wearing a +2 robe of the Archmagi (severely wounded)
You reach to attack!
You hit Sigmund but do no damage.
Sigmund is severely wounded.
Sigmund hits you from afar with a +0 scythe of slicing!
Ouch! That really hurt!
You die...

∆ ## # .. .# .
#.###.# @#
#.#...# ..
#.#†# .#
######<#@# ..∆
.........##.#.#
######...@...#
###.###.# ....
######


You could see Sigmund.

Vanquished Creatures
  A giant cockroach (D:1)
  4 hobgoblins
  A bat (D:1)
  A goblin (D:1)
  4 kobolds
  A rat (D:1)
12 creatures vanquished.

Notes
Turn   | Place    | Note
-------+----------+-------------------------------------------
     0 | D:1      | Ablot the Gnoll Skald began the quest for the Orb.
     0 | D:1      | Reached XP level 1. HP: 20/20 MP: 6/6
   144 | D:1      | Reached XP level 2. HP: 25/26 MP: 7/7
   148 | D:1      | Learned a level 2 spell: Song of Slaying
   151 | D:1      | Learned a level 2 spell: Shroud of Golubria
   391 | D:2      | Noticed Sigmund
   413 | D:2      | Mangled by Sigmund

Levels and vault maps discovered:
D:1:      onia_arrival_pyramid, layout_basic
D:2:      layout_loops_ring, st_stairs_12, minivault_24, uniq_sigmund

Action                   || total
-------------------------++-------
Melee: Spear             ||    38
       Bite              ||     2
 Cast: Infusion          ||     2
       Shroud of Golubri ||     1
       Song of Slaying   ||     1
 Stab: Sleeping          ||     1
Armor: Leather armour    ||     6
Dodge: Dodged            ||     7

Table legend:
 A = Non-vault XP
 B = Vault XP
 C = Vault XP percentage of total XP
 D = Non-vault monster count
 E = Vault monster count
 F = Vault count percentage of total count
                 A         B        C        D         E       F
            +---------+---------+-------+---------+---------+-------
      Total |      17 |       2 |  10.5 |      11 |       1 |   8.3
            +---------+---------+-------+---------+---------+-------
        D:1 |      14 |       0 |   0.0 |       9 |       0 |   0.0
        D:2 |       3 |       2 |  40.0 |       2 |       1 |  33.3
            +---------+---------+-------+---------+---------+-------
